AoeStats
← ivo

Arabia

504490598Analyzed
1v1 RM · 26d ago on Sep 5, 2026· 37m 48s· 2 players
Game mode
Random Map
Map size
Tiny (2 player)
Population
200
Speed
Normal
Resources
Standard
Victory
Conquest
Starting age
Dark Age
Ending age
Imperial Age
RankedLock teamsTeams togetherTeam positionsShared explorationLock speedFull tech treeHidden civsTurbo modeCheats
Victory
Defeat
🇮🇳 Spanish · India
1089
+14
🇭🇺 Byzantines · Hungary
1046
-14
ivo
7:43 Loom
9:56 Feudal Age
19:35 Double-Bit Axe
20:14 Padded Archer Armor
20:07 Fletching
23:31 Castle Age
22:44 Wheelbarrow
22:00 Double-Bit Axe
23:44 Elite Skirmisher
24:21 Bodkin Arrow
25:28 Padded Archer Armor
28:04 Ballistics
34:32 Wheelbarrow
lodhaaashish
4:37 Loom
10:41 Feudal Age
19:18 Castle Age
17:41 Double-Bit Axe
17:37 Horse Collar
21:14 Padded Archer Armor
21:29 Bloodlines
29:16 Bow Saw
29:08 Heavy Plow
29:05 Light Cavalry
30:48 Scale Barding Armor
30:54 Forging
31:43 Light Cavalry
34:01 Chain Barding Armor
34:46 Iron Casting
36:21 Wheelbarrow
Connection lost

Rejoining the realm…

Still unreachable

The connection could not be restored.

Session expired

The server has moved on; the page needs a fresh start.